 Dungeon Crawl Stone Soup version 0.31-a0-1112-ga3593d9213 (webtiles) character file.

Game seed: 16866978486874840882

100 James the Ruffian (level 4, -9/29 HPs)
             Began as an Octopode Shapeshifter on Dec 4, 2023.
             Shot with an arrow by a centaur (12 damage)
             ... on level 6 of the Dungeon.
             The game lasted 00:10:42 (1804 turns).

James the Ruffian (Octopode Shapeshifter)           Turns: 1804, Time: 00:10:42

Health: -9/29      AC:  1    Str: 15    XL:     4   Next: 73%
Magic:  4/4        EV: 13    Int: 18    God:
Gold:   103        SH:  0    Dex: 11    Spells: 3/3 levels left

rFire   . .          .
                       - Unarmed
rCold   . . .        (no shield)
rNeg    . . .        (helmet currently unavailable)
rPois   .            (no amulet)
rElec   .            j - +6 ring of intelligence
rCorr   .            (no ring)
SInv    .            (no ring)
Will    .....        (no ring)
Stlth   +++          (no ring)
HPRegen 0.24/turn    (no ring)
MPRegen 0.09/turn    (no ring)
                     (no ring)

%: no passive effects
@: beast-form
A: beast (slay +1), almost no armour, amphibious, 8 rings, camouflage 1,
gelatinous body 1, (nimble swimmer 1), tentacles
a: Begin Untransformation


You were on level 6 of the Dungeon.
You were a hulking beast.
You visited 1 branch of the dungeon, and saw 4 of its levels.

You collected 103 gold pieces.

Inventory:

Hand Weapons
 d - a +0 dagger
   (You took it off a goblin on level 1 of the Dungeon)
 l - a +0 short sword
   (You took it off a kobold on level 1 of the Dungeon)
 u - a +0 spear
   (You found it on level 2 of the Dungeon)
Missiles
 h - 12 stones
Jewellery
 j - a +6 ring of intelligence (left tentacle)
   (You found it on level 1 of the Dungeon)
Talismans
 b - a beast talisman
 c - a flux talisman
Scrolls
 e - a scroll of identify {unknown}
 g - a scroll of vulnerability {unknown}
 o - 2 scrolls of teleportation {unknown}
 p - a scroll of brand weapon {unknown}
 r - 2 scrolls of enchant weapon {unknown}
 t - a scroll of silence {unknown}
 v - a scroll of immolation {unknown}
 w - a scroll of amnesia {unknown}
Potions
 a - a potion of lignification {!q}
 f - a potion of heal wounds {unknown}
 i - a potion of might {unknown}
 k - 4 potions of curing {unknown}
 m - a potion of enlightenment {unknown}
 n - a potion of brilliance {unknown}
 q - a potion of degeneration {unknown}
 s - a potion of haste {unknown}


   Skills:
 + Level 1.8 Fighting
 + Level 2.6 Dodging
 + Level 2.0 Stealth
 * Level 3.9 Unarmed Combat
 + Level 3.4 Shapeshifting


You had 3 spell levels left.
You didn't know any spells.
Your spell library contained the following spells:

 Spells                   Type           Power      Damage    Failure   Level
 Apportation              Tloc           0%         N/A       22%         1
 Necrotise                Necr           0%         1d4       22%         1
 Summon Small Mammal      Summ           0%         N/A       22%         1
 Vampiric Draining        Necr           0%         2d6       54%         3
 Agony                    Necr           0%         N/A       99%         5


Dungeon Overview and Level Annotations

Branches:
Dungeon (6/15)
 Temple: D:4-7

Altars:
Sif Muna

Annotations:
D:6 exclusion: door


Innate Abilities, Weirdness & Mutations

You are a hulking beast.
Your limbs bulge with bestial killing power. (Slay +1)
You cannot wear most types of armour.
You are amphibious.
You can wear up to eight rings at the same time.
Your skin changes colour to match your surroundings (Stealth+).
Your rubbery body absorbs attacks. (AC +1, EV +1)
((You are camouflaged when in or above water. (Stealth+)))
You have tentacles for arms and can constrict up to eight enemies at once.


Message History

The ufetubus slips past you!
The ufetubus hits you but does no damage.
The ufetubus barely misses you.
You bludgeon the ufetubus!
You kill the ufetubus!
You start resting.
The helpless ufetubus fails to defend itself.
You tentacle-slap the ufetubus. Your grab misses the ufetubus.
The ufetubus closely misses you. The ufetubus misses you.
The ufetubus barely misses you. The ufetubus closely misses you.
You closely miss the ufetubus. Your grab misses the ufetubus.
The ufetubus slips past you! The ufetubus hits you. x2
A centaur comes into view.
The ufetubus hits you. The ufetubus closely misses you.
You bludgeon the ufetubus!
You kill the ufetubus!
You start resting.
Found 7 stones.
Found a shimmering blue altar of Sif Muna.
There is a shimmering blue altar of Sif Muna here.
You open the door. 2 orc wizards come into view.
An orc wizard is wielding a +2 dagger of draining.
Found Sif Muna's Vademecum on Snow.
Found an escape hatch in the floor.
There is an open door here.
You close the door.
There is a shimmering blue altar of Sif Muna here.
Press: ? - help, . - travel You can't see that place. [a closed door.] Unknown command.
Found a scroll labelled LOIROGHATHRU.
w - a scroll labelled LOIROGHATHRU An orc wizard comes into view.
It is wielding a +0 dagger.
The orc wizard shouts!
The centaur shouts!
The centaur wields a +0 orcbow.
The centaur shoots an arrow.
The arrow misses you.
An orc comes into view. It is wielding a +0 whip.
The orc wizard casts a spell at you. You resist with some effort.
The centaur shoots an arrow.
The arrow hits you!
The centaur shoots an arrow.
The arrow hits you!
* * * LOW HITPOINT WARNING * * *
The centaur shoots an arrow.
The arrow misses you.
The centaur shoots an arrow.
The arrow hits you!
* * * LOW HITPOINT WARNING * * *
You hear a shout!
An orc priest comes into view. It is wielding a +0 club.
The centaur shoots an arrow.
The arrow hits you!
You die... .....# #.####......#..... ...#####.##....# oo...

............#..###c..
.....###...#..###(.#
.....# ###...####.#
....## #..## #..#
....# ##..# #.## ....#
##...# #.# ....#
##..#.# #h#
...####..##.####.#
..####..###...##.#####
#####..## ##.........#
......## #.........#
.###### #.........# ##
###########


You could see a centaur, an orc priest and an orc wizard.

Vanquished Creatures
  A gnoll (D:1)
  3 adders (D:2)
  2 ufetubi (D:6)
  3 worms (D:2)
  2 dart slugs
  6 ball pythons
  2 endoplasms
  A giant cockroach (D:2)
  4 goblins (D:1)
  3 hobgoblins
  3 kobolds
  2 quokkas (D:2)
  4 bats
  5 rats
41 creatures vanquished.

Notes
Turn   | Place    | Note
-------+----------+-------------------------------------------
     0 | D:1      | James the Octopode Shapeshifter began the quest for the
                  | Orb.
     0 | D:1      | Reached XP level 1. HP: 13/13 MP: 1/1
   247 | D:1      | Reached skill level 1 in Stealth
   247 | D:1      | Reached XP level 2. HP: 13/18 MP: 2/2
   384 | D:1      | Reached XP level 3. HP: 23/23 MP: 3/3
   682 | D:2      | Found a faded altar of an unknown god.
   886 | D:2      | Reached XP level 4. HP: 28/28 MP: 4/4
  1509 | D:3      | You fall into a shaft and drop 3 floors!
  1615 | D:6      | Noticed a centaur
  1719 | D:6      | Found a shimmering blue altar of Sif Muna.
  1804 | D:6      | Shot with an arrow by a centaur

Illustrated notes

Levels and vault maps discovered:
D:1:      dpeg_arrival_rhombus, layout_basic, chequers_serial_rivers_micro_d,
          st_stairs_8, minmay_tetromino_t2
D:2:      minmay_inner_zag, layout_loops_ring,
          hellmonk_ecumenical_altar_arch_garden
D:3:      layout_loops_ring, overflow_temple_1_default, minmay_door_square,
          minmay_crystal_room
D:6:      layout_rooms, grunt_temple_overflow_champion_of_chaos,
          grunt_dithmenos_shadows, led_sif_book, gammafunk_ghost_grave

Skill      XL: |  1  2  3  4 |
---------------+-------------+-----
Stealth        | 1 2 |  2.0
Fighting       | |  1.8
Dodging        | |  2.6
Unarmed Combat | |  3.9
Shapeshifting  | |  3.4

Action                     |  1- 3 |  4- 6 || total
---------------------------+-------+-------++-------
  Melee: Unarmed           |    55 |    37 ||    92
         Constrict         |    15 |     8 ||    23
         Tentacles         |    10 |     6 ||    16
         Punch             |     1 |     1 ||     2
   Stab: Sleeping          |     5 |     4 ||     9
 Armour: Skin              |    18 |    22 ||    40
  Dodge: Dodged            |    20 |    29 ||    49

Table legend: (Time is in decaauts)
 A = Elapsed time spent in this place.
 B = Non-inter-level travel time spent in this place.
 C = Inter-level travel time spent in this place.
 D = Time resting spent in this place.
 E = Time spent auto-exploring this place.
 F = Levels seen in this place.
 G = Mean time per level.
                   A        B        C        D        E       F      G
               +--------+--------+--------+--------+--------+-----+--------+
         Total |   1795 |   1745 |     50 |    109 |   1003 |   4 |  448.8 |
       Dungeon |   1795 |   1745 |     50 |    109 |   1003 |   4 |  448.8 |
               +--------+--------+--------+--------+--------+-----+--------+

Top non-repeatable levels by time:
     D:2: 816 daAuts
     D:1: 666 daAuts
     D:6: 294 daAuts
     D:3: 18 daAuts
